 Dungeon Crawl Stone Soup version 0.29-a0-322-g68df515428 (webtiles) character file.

Game seed: 11955469538154095318

8 calli0pe the Chopper (level 2, 0/27 HPs)
             Began as a Deep Dwarf Berserker on Apr 7, 2022.
             Was a Follower of Trog.
             Slain by Robin
             ... wielding a +2 dagger of speed
              (1 damage)
             ... on level 2 of the Dungeon.
             The game lasted 00:00:28 (73 turns).

calli0pe the Chopper (Deep Dwarf Berserker)           Turns: 73, Time: 00:00:29

Health: 0/27       AC:  2    Str: 20    XL:     2   Next: 0%
Magic:  2/2        EV: 12    Int:  7    God:    Trog [*.....]
Gold:   0          SH:  0    Dex: 12    Spells: 1/1 levels left

rFire   . . .      SeeInvis .   a - +0 hand axe
rCold   . . .      Faith    .   (no shield)
rNeg    . . .      Spirit   .   b - +0 animal skin
rPois   .          Reflect  .   (no helmet)
rElec   .          Harm     .   (no cloak)
rCorr   .          Rampage  .   (no gloves)
Will    .....                   (no boots)
Stlth   +.........              (no amulet)
HPRegen 0.00/turn               (no ring)
MPRegen 0.08/turn               (no ring)

@: no status effects
A: damage resistance, heal wounds, sense surroundings 1, no regeneration
a: Heal Wounds, Renounce Religion, Berserk


You were on level 2 of the Dungeon.
You worshipped Trog.
Trog was aware of your devotion.
You visited 1 branch of the dungeon, and saw 2 of its levels.

Inventory:

Hand Weapons
 a - a +0 hand axe (weapon)
Armour
 b - a +0 animal skin (worn)


   Skills:
 + Level 2.9 Fighting
 + Level 3.5 Axes
 + Level 2.2 Armour
 + Level 2.2 Dodging


You had one spell level left.
You didn't know any spells.
Your spell library was empty.

Dungeon Overview and Level Annotations

Branches:
Dungeon (2/15)

Altars:
Qazlal

Annotations:
D:2 Robin


Innate Abilities, Weirdness & Mutations

You are resistant to damage.
You can heal yourself by infusing magical energy.
You passively map a small area around you.
You do not regenerate.


Message History

The hobgoblin goes into a battle-frenzy!
The goblin misses you.
You barely miss the goblin.
The goblin is moderately wounded.
A goblin comes into view. It is wielding a +0 dagger.
The goblin hits you with a +0 dagger.
You barely miss the goblin.
The goblin is moderately wounded.
The goblin hits you with a +0 dagger.
You closely miss the goblin. Your punch misses the goblin.
The goblin is moderately wounded.
A goblin comes into view. It is wielding a +0 dagger.
The goblin hits you with a +0 dagger.
You closely miss the goblin.
The goblin is moderately wounded.
The goblin barely misses you.
You barely miss the goblin.
The goblin is moderately wounded.
The goblin hits you but does no damage. Robin throws the goblin at you!
The goblin hits you with a +0 dagger. The goblin attacks as you move away!
The goblin hits you with a +0 dagger.
Robin hits you with a +2 dagger of speed.
You hit Robin.
Robin is moderately wounded.
You barely miss the goblin.
Robin zaps a wand.
The puff of flame hits you! The goblin hits you with a +0 dagger.
* * * LOW HITPOINT WARNING * * *
You hit Robin but do no damage.
Robin is moderately wounded.
You hit the goblin.
You kill the goblin!
Trog accepts your kill. Robin closely misses you.
Robin hits you with a +2 dagger of speed.
* * * LOW HITPOINT WARNING * * *
You have reached level 2!
You hit Robin. You punch Robin.
Robin is severely wounded.
Robin hits you with a +2 dagger of speed.
You die... , , ... * * #.# * gg.,,

, #g# *, * ,#S# , ,
#S#*, , #g#** *,, ,
* , , #@# * , , ,
#)# ,, * ** ,#)###
,* < #...# *
#...#.###+#########
+...#:.............
#.#.#..(........# *
, #.###...........#
, #..........._...#


You could see Robin, 3 goblins and 2 ball pythons.

Vanquished Creatures
  4 goblins (D:2)
  2 hobgoblins (D:2)
6 creatures vanquished.

Notes
Turn   | Place    | Note
-------+----------+-------------------------------------------
     0 | D:1      | calli0pe the Deep Dwarf Berserker began the quest for the
                  | Orb.
     0 | D:1      | Reached XP level 1. HP: 20/20 MP: 1/1
    32 | D:2      | Found a stormy altar of Qazlal.
    53 | D:2      | Noticed Robin
    72 | D:2      | HP: 1/20 [Robin/+2 dagger of speed (3)]
    73 | D:2      | Reached XP level 2. HP: 1/27 MP: 2/2
    73 | D:2      | Slain by Robin

Illustrated notes

Levels and vault maps discovered:
D:1:      amcnicky_arrival_gap_in_the_tavern_cellar, layout_basic,
          dreamdust_ecumenical_altar_drowned_temple
D:2:      layout_basic, basic_altar, uniq_robin

Action                   || total
-------------------------++-------
Melee: Hand axe          ||    18
       Punch             ||     1
Armor: Animal skin       ||     3
Dodge: Dodged            ||     7

Table legend: (Time is in decaauts)
 A = Elapsed time spent in this place.
 B = Non-inter-level travel time spent in this place.
 C = Inter-level travel time spent in this place.
 D = Time resting spent in this place.
 E = Time spent auto-exploring this place.
 F = Levels seen in this place.
 G = Mean time per level.
                   A        B        C        D        E       F      G
               +--------+--------+--------+--------+--------+-----+--------+
         Total |     75 |     75 |      0 |      0 |      0 |   2 |   37.5 |
       Dungeon |     75 |     75 |      0 |      0 |      0 |   2 |   37.5 |
               +--------+--------+--------+--------+--------+-----+--------+

Top non-repeatable levels by time:
     D:2: 72 daAuts
     D:1: 3 daAuts
